 Dungeon Crawl Stone Soup version 0.23.1 (webtiles) character file.

Game seed: 1911795961613326607

35 LostNumber the Skirmisher (level 3, -2/31 HPs)
             Began as a Centaur Abyssal Knight on Mar 3, 2019.
             Was a Follower of Lugonu.
             Slain by a bullfrog (7 damage)
             ... on level 2 of the Dungeon.
             The game lasted 00:01:38 (892 turns).

LostNumber the Skirmisher (Centaur Abyssal Knight)   Turns: 892, Time: 00:01:39

Health: -2/31      AC:  4    Str: 15    XL:     3   Next: 16%
Magic:  4/5        EV:  9    Int: 11    God:    Lugonu [*.....]
Gold:   13         SH:  0    Dex:  8    Spells: 2/2 levels left

rFire    . . .     SeeInvis .   a - +1 spear
rCold    . . .     Gourm    .   (no shield)
rNeg     . . .     Faith    .   b - +0 leather armour
rPois    .         Spirit   .   (no helmet)
rElec    .         Reflect  .   (no cloak)
rCorr    .         Harm     .   (no gloves)
MR       .....                  (no barding)
Stlth    ..........             (no amulet)
HPRegen  0.10/turn              (no ring)
MPRegen  0.09/turn              (no ring)

@: very quick
A: large, hooves 3, deformed body, speed 2, tough skin 3
a: Depart the Abyss, Renounce Religion


You were on level 2 of the Dungeon.
You worshipped Lugonu.
Lugonu was aware of your devotion.
You were not hungry.

You visited 1 branch of the dungeon, and saw 2 of its levels.
You visited the Abyss 1 time.

You collected 13 gold pieces.

Inventory:

Hand Weapons
 a - a +1 spear (weapon)
Armour
 b - a +0 leather armour (worn)
Scrolls
 f - a scroll of identify {unknown}
 h - a scroll of enchant armour {unknown}
 i - a scroll of remove curse {unknown}
Potions
 d - a potion of curing {unknown}
 g - a potion of heal wounds {unknown}
 j - a potion of lignification {unknown}
Comestibles
 c - a chunk of flesh
 e - 4 rations {!d}


   Skills:
 + Level 3.4 Fighting
 + Level 2.3 Polearms
 - Level 1.3 Armour
 - Level 0.6 Dodging
 + Level 2.7 Invocations


You had 2 spell levels left.
You didn't know any spells.
Your spell library was empty.

Dungeon Overview and Level Annotations

Branches:
Dungeon (2/15)

Altars:
Cheibriados


Innate Abilities, Weirdness & Mutations

You have hooves in place of feet.
Armour fits poorly on your strangely shaped body.
You cover ground very quickly.
You have extremely tough skin. (AC +3)


Message History

No target in view!
No target in view!
You butcher the dart slug corpse.
c - 2 chunks of flesh (gained 1)
Found 21 stones.
You now have 13 gold pieces.
You see here 21 stones.
Found 14 stones.
Found an escape hatch in the ceiling.
No target in view!
No target in view!
There is an escape hatch in the ceiling here.
Found a fuming pink potion.
j - a fuming pink potion An adder comes into view.
The adder hisses angrily.
You hear a shout!
Attack whom?
Aim: an adder You reach to attack!
You barely miss the adder. The adder barely misses you.
You hit the adder. Your kick misses the adder. The adder barely misses you.
You miss the adder. You kick the adder!
You kill the adder!
Lugonu accepts your kill.
You have reached level 3!
Your experience leads to an increase in your attributes!
Increase (S)trength, (I)ntelligence, or (D)exterity?
You feel stronger.
Found a dagger and 16 gold pieces.
Found 25 arrows.
Found a stone staircase leading down.
Found a snail-covered altar of Cheibriados.
A bullfrog comes into view.
The bullfrog croaks.
Found a scroll labeled NAACEDEUXT.
A bullfrog is nearby!
You see here a dagger.
Some of the chunks of flesh in your inventory have rotted away.
You hit the bullfrog. The bullfrog hits you!
You closely miss the bullfrog. The bullfrog closely misses you.
The bullfrog hits you.
You barely miss the bullfrog. The bullfrog closely misses you.
You hit the bullfrog. The bullfrog barely misses you. The bullfrog hits you.
You barely miss the bullfrog.
The bullfrog hits you but does no damage.
You completely miss the bullfrog. The bullfrog hits you.
* * * LOW HITPOINT WARNING * * *
The bullfrog hits you!
* * * LOW HITPOINT WARNING * * *
You closely miss the bullfrog. The bullfrog hits you!
You die...

.....#........##.# #.# #...
#.......#.##.#...##.###..##.##
##..#......#..#...##...(.....##
.......#...#.##...##.#####.....
.......#.....#....##.# ##..###
....._.#.##..#.......## #...#
..................##..###..##
.............##...<.......##
.......>.#...F@...###.###.#####
.......).#######.## #.##.......
......F$## #.# #.##....###
.#....(.# #.####..........
.?.....## #..#........###.
....... ##.#.##.....# ......#
#...##........ .##...
#####..###...# #### ...# #...#


You could see a bullfrog.

Vanquished Creatures
  An adder (D:2)
  A worm (D:1)
  A dart slug (D:2)
  A ball python (D:1)
  A giant cockroach (D:1)
  A goblin (D:1)
  5 hobgoblins
  3 frilled lizards (D:1)
  5 kobolds (D:1)
  2 rats (D:1)
21 creatures vanquished.

Notes
Turn   | Place    | Note
-------+----------+-------------------------------------------
     0 | Abyss:1  | LostNumber the Centaur Abyssal Knight began the quest for
                  | the Orb.
     0 | Abyss:1  | Reached XP level 1. HP: 19/19 MP: 2/2
    99 | Abyss:1  | Noticed a chaos spawn
   100 | D:1      | Escaped the Abyss
   128 | D:1      | Reached * piety under Lugonu
   295 | D:1      | Reached XP level 2. HP: 21/26 MP: 3/3
   868 | D:2      | Reached XP level 3. HP: 31/31 MP: 3/5
   873 | D:2      | Found a snail-covered altar of Cheibriados.
   875 | D:2      | Noticed a bullfrog
   892 | D:2      | Slain by a bullfrog

Skill      XL: |  1 |
---------------+----+-----
Polearms       | 2 |  2.3
Fighting       | |  3.4
Armour         | |  1.3
Dodging        | |  0.6
Invocations    | |  2.7

Action                   || total
-------------------------++-------
Melee: Spear             ||    78
       Kick              ||    10
Invok: Depart the Abyss  ||     1
Armor: Leather armour    ||    11
Dodge: Dodged            ||    20
